 Dungeon Crawl Stone Soup version 0.26-a0-812-g31a745ddcd (webtiles) character file.

Game seed: 1328858982947025558

19 nicanaca0 the Caller (level 2, 0/19 HPs)
             Began as a Merfolk Summoner on Nov 22, 2020.
             Slain by a leopard gecko (4 damage)
             ... on level 1 of the Dungeon.
             The game lasted 00:01:48 (597 turns).

nicanaca0 the Caller (Merfolk Summoner)              Turns: 597, Time: 00:01:49

Health: 0/19       AC:  2    Str:  8    XL:     2   Next: 75%
Magic:  3/5        EV: 13    Int: 14    God:
Gold:   62         SH:  0    Dex: 14    Spells: 4/5 levels left

rFire    . . .     SeeInvis .   b - +0 dagger
rCold    . . .     Faith    .   (no shield)
rNeg     . . .     Spirit   .   a - +0 robe
rPois    .         Reflect  .   (no helmet)
rElec    .         Harm     .   (no cloak)
rCorr    .         Rampage  .   (no gloves)
MR       .....                  (no boots)
Stlth    ++........             (no amulet)
HPRegen  0.06/turn              (no ring)
MPRegen  0.09/turn              (no ring)

@: no status effects
A: change form in water, swift swim, stealthy swim
a: no special abilities


You were on level 1 of the Dungeon.
You visited 1 branch of the dungeon, and saw 1 of its levels.

You collected 62 gold pieces.

Inventory:

Hand Weapons
 b - a +0 dagger (weapon)
Armour
 a - a +0 robe (worn)
Potions
 c - a potion of mutation {unknown}
 d - a potion of degeneration {unknown}
 e - a potion of curing {unknown}


   Skills:
 + Level 3.1 Dodging
 - Level 2.1 Stealth
 + Level 2.2 Spellcasting
 * Level 4.4 Summonings


You had 4 spell levels left.
You knew the following spells:

 Your Spells              Type           Power        Failure   Level
a - Summon Small Mammal   Summ           ##..         3%          1

Your spell library contained the following spells:

 Spells                   Type           Power        Failure   Level
 Call Imp                 Summ           ##......     6%          2
 Call Canine Familiar     Summ           ##......     12%         3
 Summon Guardian Golem    Hex/Summ       #.......     28%         3
 Summon Ice Beast         Ice/Summ       #.......     67%         4
 Summon Lightning Spire   Summ/Air       #.......     67%         4


Dungeon Overview and Level Annotations

Branches:
Dungeon (1/15)

Altars:


Message History

Gang up on whom?
Press: ? - help, Dir - move target cursor, f - leopard gecko
Aim: a leopard gecko (severely wounded) Attack!
Your quokka disappears in a puff of smoke!
The leopard gecko closely misses you.
You are too injured to fight recklessly!
The leopard gecko bites you. The leopard gecko bites you.
The leopard gecko closely misses you.
Casting: Summon Small Mammal (safe; 3% risk of failure)
Confirm with . or Enter, or press ? or * to list all spells.
The leopard gecko bites you.
* * * LOW HITPOINT WARNING * * *
Your bat closely misses the leopard gecko.
The leopard gecko bites you.
* * * LOW HITPOINT WARNING * * *
Casting: Summon Small Mammal (safe; 3% risk of failure)
Confirm with . or Enter, or press ? or * to list all spells.
The leopard gecko bites you.
You die...

#.......... # ##..#......#
#.#..........# .# ##.#....##.#..#
#.# # .............#.####.## #
..........#.............. #
..........#..r...#.#..##.# . #
...........l@....†....##.###. #
#...##..#...#.$...#.##........
###...##..##...b...†.....$.......
........................####..#..
..†................##.....###...#
...........#.########..........##
.†.♣.....#.#. #####..##..#
............. ###.##..#
.♣P(♣..♣.P... #...##..#


You could see a leopard gecko, a friendly quokka (summoned) and a friendly bat
(summoned).

Vanquished Creatures
  A bat (D:1)
  A giant cockroach (D:1)
  3 goblins (D:1)
  A kobold (D:1)
  A rat (D:1)
7 creatures vanquished.

Vanquished Creatures (collateral kills)
  3 dart slugs (D:1)
  4 bats (D:1)
  4 goblins (D:1)
  A hobgoblin (D:1)
  A frilled lizard (D:1)
  A kobold (D:1)
  2 rats (D:1)
16 creatures vanquished.

Vanquished Creatures (others)
  A plant (D:1)
1 creature vanquished.

Grand Total: 24 creatures vanquished

Notes
Turn   | Place    | Note
-------+----------+-------------------------------------------
     0 | D:1      | nicanaca0 the Merfolk Summoner began the quest for the Orb.
     0 | D:1      | Reached XP level 1. HP: 13/13 MP: 3/3
   286 | D:1      | Reached XP level 2. HP: 19/19 MP: 5/5
   597 | D:1      | Slain by a leopard gecko

Illustrated notes

Levels and vault maps discovered:
D:1:      wander_arrival_fairy_ring, layout_rooms

Skill      XL: |  1 |
---------------+----+-----
Dodging        | 3 |  3.1
Stealth        | |  2.1
Spellcasting   | |  2.2
Summonings     | |  4.4

Action                   || total
-------------------------++-------
Melee: Dagger            ||    50
 Cast: Summon Small Mamm ||    24
 Stab: Sleeping          ||     1
       Distracted        ||     1
Armor: Robe              ||    24
Dodge: Dodged            ||    76

Table legend: (Time is in decaauts)
 A = Elapsed time spent in this place.
 B = Non-inter-level travel time spent in this place.
 C = Inter-level travel time spent in this place.
 D = Time resting spent in this place.
 E = Time spent auto-exploring this place.
 F = Levels seen in this place.
 G = Mean time per level.
                   A        B        C        D        E       F      G
               +--------+--------+--------+--------+--------+-----+--------+
         Total |    596 |    596 |      0 |      0 |    364 |   1 |  596.0 |
       Dungeon |    596 |    596 |      0 |      0 |    364 |   1 |  596.0 |
               +--------+--------+--------+--------+--------+-----+--------+

Top non-repeatable levels by time:
     D:1: 596 daAuts
